 Dungeon Crawl Stone Soup version 0.30-b1-2-g02819fbbbe (webtiles) character file.

Game seed: 15239556117665392927

35 raph the Caller (level 3, 0/19 HPs)
             Began as a Deep Elf Summoner on Oct 17, 2023.
             Slain by a gnoll
             ... wielding a +0 flail
              (11 damage)
             ... on level 2 of the Dungeon.
             The game lasted 00:02:34 (955 turns).

raph the Caller (Deep Elf Summoner)                  Turns: 955, Time: 00:02:34

Health: 0/19       AC:  4    Str:  5    XL:     3   Next: 16%
Magic:  7/10       EV: 11    Int: 21    God:
Gold:   42         SH:  0    Dex: 15    Spells: 0/9 levels left

rFire   . . .        a - +0 sling (heavy)
rCold   . . .        (no shield)
rNeg    . . .        e - +1 leather armour {rPois}
rPois   +            (no helmet)
rElec   .            (no cloak)
rCorr   .            (no gloves)
SInv    .            (no boots)
Will    .....        (no amulet)
Stlth   ++           (no ring)
HPRegen 0.23/turn    (no ring)
MPRegen 0.12/turn

%: no passive effects
@: no status effects
A: no striking features
a: no special abilities


You were on level 2 of the Dungeon.
You visited 1 branch of the dungeon, and saw 2 of its levels.

You collected 42 gold pieces.

Inventory:

Hand Weapons
 a - a +0 heavy sling (weapon)
 b - a +0 dagger
Armour
 e - a +1 leather armour of poison resistance (worn)
 j - a +0 robe
Scrolls
 f - a scroll of magic mapping
Potions
 c - a potion of brilliance {unknown}
 d - a potion of lignification
 g - 2 potions of magic


   Skills:
 - Level 2.4 Dodging
 - Level 2.4 Stealth
 + Level 3.7 Spellcasting
 + Level 0.0 Hexes
 * Level 5.2 Summonings


You couldn't memorise any spells.
You knew the following spells:

 Your Spells              Type           Power      Damage    Failure   Level
a - Summon Small Mammal   Summ           100%       N/A       2%          1
b - Call Imp              Summ           52%        N/A       3%          2
c - Call Canine Familiar  Summ           26%        N/A       7%          3
d - Summon Guardian Gole  Hex/Summ       14%        N/A       22%         3

Your spell library contained the following spells:

 Spells                   Type           Power      Damage    Failure   Level
 Summon Lightning Spire   Summ/Air       14%        N/A       56%         4


Dungeon Overview and Level Annotations

Branches:
Dungeon (2/15)

Altars:

Shops:
D:1 =


Message History

You have reached level 3!
Your experience leads to an increase in your attributes!
Increase (S)trength, (I)ntelligence, or (D)exterity?
You feel clever. x2
This spell is extremely dangerous to cast!
Memorise Call Canine Familiar, consuming 3 spell levels and leaving 3?
You start memorising the spell.
You continue memorising. x3
You finish memorising.
Spell assigned to 'c'.
This spell is astonishingly dangerous to cast!
Memorise Summon Guardian Golem, consuming 3 spell levels and leaving 0?
You start memorising the spell.
You continue memorising. x3
You finish memorising.
Spell assigned to 'd'.
You swap places.
Your cerulean imp disappears in a puff of smoke!
You open the door.
A gnoll comes into view.
It is wielding a +0 club. 2 gnolls come into view.
There is an open door here.
You shoot a sling bullet. The sling bullet hits the gnoll.
The gnoll shouts!
The gnoll is lightly wounded.
A gnoll comes into view. It is wielding a +0 spear.
You shoot a sling bullet. The gnoll shouts!
The sling bullet hits the gnoll.
The gnoll is moderately wounded.
The gnoll hits you from afar with a +0 spear.
The gnoll hits you but does no damage. The gnoll attacks as you move away!
The gnoll hits you with a +0 flail.
There is an open door here.
The gnoll attacks as you move away! The gnoll closely misses you.
Casting: Call Imp (safe; 3% risk of failure)
Confirm with . or Enter, or press ? or * to list all spells.
A tiny devil pulls itself out of the air.
The gnoll completely misses you.
Casting: Call Imp (safe; 3% risk of failure)
Confirm with . or Enter, or press ? or * to list all spells.
The gnoll hits you with a +0 flail!
Ouch! That really hurt!
You die...

*
#.####.........####.#*...,,*,,
* #....'......''##
*.#**##***** *
######......#######,# *
#......'...>.#,*
#......#####.#,*
####+#.#####,#,*****
*,#.>..5#.#,,,,,*
#.#.##.##.####*,*
**#...b@g......#*,*
*********#.....###.####.#*,*
,,,,,,,,,#.#######g## *,**,*
,,,,,,,,,#,.........# *,,,,*
,,,,,,,,,*,.........# ******
,,,,,,,,,*,.........#
,,,,,,,,,**.........#
,,,,,,,,,**.........#
,,,,,,,,,**.........#


You could see a gnoll (ally target), a friendly cerulean imp (summoned) and a
friendly bat (summoned).

Vanquished Creatures
  A dart slug (D:2)
  A hobgoblin (D:1)
  A ball python (D:2)
  A frilled lizard (D:2)
  2 rats
6 creatures vanquished.

Vanquished Creatures (collateral kills)
  An adder (D:2)
  A worm (D:2)
  2 endoplasms (D:1)
  A giant cockroach (D:1)
  A goblin (D:2)
  A hobgoblin (D:1)
  2 quokkas (D:1)
  2 ball pythons (D:1)
  2 bats
  A frilled lizard (D:1)
  A rat (D:1)
15 creatures vanquished.

Grand Total: 21 creatures vanquished

Notes
Turn   | Place    | Note
-------+----------+-------------------------------------------
     0 | D:1      | raph the Deep Elf Summoner began the quest for the Orb.
     0 | D:1      | Reached XP level 1. HP: 10/10 MP: 6/6
   332 | D:1      | Found Pius's Jewellery Shop.
   353 | D:1      | Reached XP level 2. HP: 15/15 MP: 6/8
   373 | D:1      | Learned a level 2 spell: Call Imp
   730 | D:2      | Reached skill level 5 in Summonings
   934 | D:2      | Reached XP level 3. HP: 19/19 MP: 10/10
   938 | D:2      | Learned a level 3 spell: Call Canine Familiar
   942 | D:2      | Learned a level 3 spell: Summon Guardian Golem
   955 | D:2      | Slain by a gnoll

Illustrated notes

Levels and vault maps discovered:
D:1:      dpeg_arrival_arbitrary_b, layout_rooms, serial_shops,
          nicolae_shop_waterfront
D:2:      layout_basic

Skill      XL: |  1  2 |
---------------+-------+-----
Summonings     | 5 |  5.2
Dodging        | |  2.4
Stealth        | |  2.4
Spellcasting   | |  3.7

Action                     || total
---------------------------++-------
  Melee: Unarmed           ||    16
         Punch             ||     1
   Fire: Sling             ||    21
   Cast: Summon Small Mamm ||    18
         Call Imp          ||     5
    Use: Scroll            ||     5
 Armour: Leather armour    ||    26
         Robe              ||     1
  Dodge: Dodged            ||    30
